 Dungeon Sprint DCSS version 0.30-a0-374-g95c0257040 (webtiles) character file.

Game seed: 9264070480926935252

863 McGhostyFace the Cruncher (level 8, -4/71 HPs)
             Began as a Gnoll Wanderer on Nov 26, 2022.
             Slain by a fire elemental (7 damage)
             ... summoned by a deep elf pyromancer
             ... in the Dungeon (Sprint III: "The Ten Rune Challenge").
             The game lasted 00:07:16 (1478 turns).

McGhostyFace the Cruncher (Gnoll Wanderer)          Turns: 1478, Time: 00:07:17

Health: -4/71      AC:  2    Str:  9 (10) XL:     8   Next: 2%
Magic:  15/18      EV: 13    Int: 18 (20) God:
Gold:   35         SH:  0    Dex:  8 (9)  Spells: 14/21 levels left

rFire   + . .      SeeInvis .    a - +1 quarterstaff (vorpal)
rCold   . . .      Faith    .    (shield currently unavailable)
rNeg    . . .      Spirit   .    c - +0 robe
rPois   .          Reflect  .    (no helmet)
rElec   .          Harm     .    (no cloak)
rCorr   .          Rampage  .    (no gloves)
Will    .....      NoTele   +    (no boots)
Stlth   +++.......               (no amulet)
HPRegen 0.31/turn                (no ring)
MPRegen 0.16/turn                (no ring)

@: very slightly contaminated, hasted, very quick
A: fangs 1, strong nose, distributed training, clever 1, fire resistance 1
a: no special abilities


You were in the Dungeon.
You visited 1 branch You collected 35 gold pieces.

Inventory:

Hand Weapons
 a - a +1 vorpal quarterstaff (weapon)
Missiles
 j - 4 poisoned darts
Armour
 c - a +0 robe (worn)
Scrolls
 b - a scroll of fog
 d - a scroll of immolation {unknown}
 i - a scroll of blinking
 k - 2 scrolls of identify {unknown}
 l - a scroll of poison {unknown}
Potions
 e - a potion of might
 f - a potion of haste
 g - a potion of magic
 n - 4 potions of mutation
Miscellaneous
 h - a piece from Xom's chessboard (14/15)


   Skills:
 + Level 9.2 Fighting
 + Level 6.3 Short Blades
 + Level 6.3 Long Blades
 + Level 6.3 Axes
 + Level 6.3 Maces & Flails
 + Level 6.3 Polearms
 + Level 9.2 Staves
 + Level 6.3 Ranged Weapons
 + Level 6.3 Throwing
 + Level 6.3 Armour
 + Level 6.3 Dodging
 + Level 6.8 Stealth
 + Level 6.3 Shields
 + Level 6.3 Unarmed Combat
 + Level 7.0 Spellcasting
 + Level 5.2 Conjurations
 + Level 6.5 Hexes
 + Level 5.2 Summonings
 + Level 5.2 Necromancy
 + Level 5.2 Translocations
 + Level 5.2 Transmutations
 + Level 5.2 Fire Magic
 + Level 5.2 Ice Magic
 + Level 5.2 Air Magic
 + Level 5.2 Earth Magic
 + Level 5.2 Poison Magic
 + Level 6.9 Invocations
 + Level 6.3 Evocations


You had 14 spell levels left.
You knew the following spells:

 Your Spells              Type           Power      Damage    Failure   Level
a - Slow                  Hex            100%       N/A       1%          1
b - Tukima's Dance        Hex            29%        N/A       2%          3
c - Stone Arrow           Conj/Erth      50%        3d10      3%          3

Your spell library contained the following spells:

 Spells                   Type           Power      Damage    Failure   Level
 Confusing Touch          Hex            29%        N/A       2%          3
 Vampiric Draining        Necr           25%        2d7       3%          3
 Animate Armour           Summ/Erth      50%        N/A       13%         4
 Lehudib's Crystal Spear  Conj/Erth      12%        10d4      100%        8


Dungeon Overview and Level Annotations

Branches:
Dungeon (1/1)

Altars:
Cheibriados
Dithmenos
Elyvilon
Fedhas
Gozag
Hepliaklqana
Kikubaaqudgha
Makhleb
Nemelex Xobeh
Okawaru
Qazlal
Ru
Sif Muna
Trog
Uskayaw
Vehumet
Wu Jian
Xom
Yredelemnul
Zin
The Shining One
Jiyva
Lugonu


Innate Abilities, Weirdness & Mutations

You have very sharp teeth.
Your uncanny sense of smell can sniff out nearby items.
Your experience applies equally to all skills.
Your mind is acute. (Int +4, Str/Dex -1)
Your flesh is heat resistant. (rF+)


Message History

Aim: a fire elemental (severely damaged, summoned, 64% to hit)
The stone arrow hits the fire elemental!
You destroy the fire elemental!
The fire elemental disappears in a puff of smoke!
Unknown command.
Casting: Stone Arrow (dangerous; 3% risk of failure)
Confirm with . or Enter, or press ? or * to list all spells.
You don't have enough magic to cast this spell.
Unknown command.
Unknown command.
Sorry, you're not good enough to have a special ability.
Magic courses through your body. The fire elemental closely misses you.
Casting: Stone Arrow (dangerous; 3% risk of failure)
Confirm with . or Enter, or press ? or * to list all spells.
Aiming: Stone Arrow (dangerous; 3% risk of failure)
Press: ? - help, Shift-Dir - straight line, f - deep elf pyromancer
Aim: a deep elf pyromancer (60% to hit)
The stone arrow hits the fire elemental!
The fire elemental is moderately damaged.
The fire elemental hits you. The fire elemental burns you! You resist.
* * * LOW HITPOINT WARNING * * *
The deep elf pyromancer mumbles some strange words.
The deep elf pyromancer blinks!
Casting: Stone Arrow (dangerous; 3% risk of failure)
Confirm with . or Enter, or press ? or * to list all spells.
Aiming: Stone Arrow (dangerous; 3% risk of failure)
Press: ? - help, Shift-Dir - straight line, f/p - deep elf pyromancer
Aim: a deep elf pyromancer (60% to hit)
Out of range.
Okay, then.
Okay, then.
You sock the fire elemental!
The fire elemental is severely damaged.
You thump the fire elemental!
You destroy the fire elemental!
The fire elemental disappears in a puff of smoke!
You hit the fire elemental.
The fire elemental is lightly damaged.
The fire elemental hits you. The fire elemental burns you! You resist.
You die...

▓...#......#####..#___#___#
▓..##.......#..#..#!°.#__)#
▓##.##.##...#..#..###)#'###
##.##.###..##'#..#......÷)
▓#.####.##..###...'.⌠......
▓.###..##.)####...#...#####
▓#..÷..##..###....#.⌠.#__#.
###..##...##.....#...#__#.
##..##...@#○E§..e#'###__#.
#..###..##E#°☼...#)).#__#.
#..# #..#####....#___#__'.
▓▓▓▓ ▓▓▓▓ ▓▓▓▓▓▓▓▓▓▓▓▓▓▓ ∆


You could see a fire elemental (summoned).

Vanquished Creatures
  A shadow (D)
  A spatial vortex (D)
  A necrophage (D)
  A scorpion (D)
  A water elemental (D)
  A jelly (D)
  Jessica (D)
  A wizard (D)
  3 humans (D)
  A kobold demonologist (D)
  An endoplasm (D)
  2 rats (D)
15 creatures vanquished.

Vanquished Creatures (collateral kills)
  A necromancer (D)
1 creature vanquished.

Vanquished Creatures (others)
  A dancing weapon (D)
1 creature vanquished.

Grand Total: 17 creatures vanquished

Notes
Turn   | Place    | Note
-------+----------+-------------------------------------------
     0 | D        | McGhostyFace the Gnoll Wanderer began the quest for the
                  | Orb.
     0 | D        | McGhostyFace set off with the following items: a +1 vorpal
                  | quarterstaff, a scroll of fog, a +0 robe, a potion of
                  | curing, a potion of heal wounds, a potion of haste, 2
                  | potions of magic, a potion of berserk rage, a scroll of
                  | blinking; and the following spell memorised: Slow; and the
                  | following spells available to memorise: Tukima's Dance.
     0 | D        | Reached XP level 1. HP: 23/23 MP: 4/4
    43 | D        | Noticed Jessica
    52 | D        | Killed Jessica
    53 | D        | Reached skill level 1 in Short Blades
    53 | D        | Reached skill level 1 in Long Blades
    53 | D        | Reached skill level 1 in Axes
    53 | D        | Reached skill level 1 in Maces & Flails
    53 | D        | Reached skill level 1 in Polearms
    53 | D        | Reached skill level 1 in Ranged Weapons
    53 | D        | Reached skill level 1 in Throwing
    53 | D        | Reached skill level 1 in Armour
    53 | D        | Reached skill level 1 in Dodging
    53 | D        | Reached skill level 1 in Shields
    53 | D        | Reached skill level 1 in Unarmed Combat
    53 | D        | Reached skill level 1 in Conjurations
    53 | D        | Reached skill level 1 in Summonings
    53 | D        | Reached skill level 1 in Necromancy
    53 | D        | Reached skill level 1 in Translocations
    53 | D        | Reached skill level 1 in Transmutations
    53 | D        | Reached skill level 1 in Fire Magic
    53 | D        | Reached skill level 1 in Ice Magic
    53 | D        | Reached skill level 1 in Air Magic
    53 | D        | Reached skill level 1 in Earth Magic
    53 | D        | Reached skill level 1 in Poison Magic
    53 | D        | Reached skill level 1 in Evocations
    53 | D        | Reached XP level 2. HP: 16/29 MP: 6/6
    53 | D        | Reached XP level 3. HP: 19/35 MP: 7/7
   218 | D        | Learned a level 3 spell: Tukima's Dance
   351 | D        | Noticed a scorpion
   362 | D        | Killed a scorpion
   363 | D        | Reached XP level 4. HP: 13/43 MP: 8/10
   525 | D        | Gained mutation: Your mind is acute. (Int +4, Str/Dex -1)
                  | [potion of mutation]
   525 | D        | Gained mutation: Your flesh is heat resistant. (rF+)
                  | [potion of mutation]
   535 | D        | Noticed a water elemental
   545 | D        | Killed a water elemental
   546 | D        | Reached XP level 5. HP: 23/48 MP: 12/12
   659 | D        | Found a basalt altar of Yredelemnul.
   659 | D        | Found a shadowy altar of Dithmenos.
   659 | D        | Found a sacrificial altar of Ru.
   668 | D        | Reached skill level 5 in Spellcasting
   668 | D        | Reached skill level 5 in Hexes
   675 | D        | Reached skill level 5 in Stealth
   675 | D        | Reached XP level 6. HP: 38/56 MP: 6/13
   739 | D        | Noticed a shadow
   830 | D        | Killed a shadow
   831 | D        | Reached skill level 5 in Short Blades
   831 | D        | Reached skill level 5 in Long Blades
   831 | D        | Reached skill level 5 in Axes
   831 | D        | Reached skill level 5 in Maces & Flails
   831 | D        | Reached skill level 5 in Polearms
   831 | D        | Reached skill level 5 in Ranged Weapons
   831 | D        | Reached skill level 5 in Throwing
   831 | D        | Reached skill level 5 in Armour
   831 | D        | Reached skill level 5 in Dodging
   831 | D        | Reached skill level 5 in Shields
   831 | D        | Reached skill level 5 in Unarmed Combat
   831 | D        | Reached skill level 5 in Invocations
   831 | D        | Reached skill level 5 in Evocations
   966 | D        | Found a blossoming altar of Fedhas.
   966 | D        | Found a stormy altar of Qazlal.
   966 | D        | Found a snail-covered altar of Cheibriados.
   966 | D        | Found a burning altar of Makhleb.
   966 | D        | Found a shimmering altar of Xom.
   966 | D        | Noticed a spatial vortex
   967 | D        | Found a hazy altar of Hepliaklqana.
   967 | D        | Found an opulent altar of Gozag.
   967 | D        | Found a sparkling altar of Nemelex Xobeh.
   967 | D        | Found a corrupted altar of Lugonu.
   967 | D        | Found a viscous altar of Jiyva.
   998 | D        | Killed a spatial vortex
   999 | D        | Reached XP level 7. HP: 47/63 MP: 16/16
  1063 | D        | Found a hide-covered altar of Uskayaw.
  1063 | D        | Found an iron altar of Okawaru.
  1063 | D        | Found a bloodstained altar of Trog.
  1063 | D        | Found an ornate altar of the Wu Jian Council.
  1063 | D        | Noticed a human
  1065 | D        | Noticed a human
  1087 | D        | Killed a human
  1129 | D        | Killed a human
  1130 | D        | Reached skill level 5 in Conjurations
  1130 | D        | Reached skill level 5 in Summonings
  1130 | D        | Reached skill level 5 in Necromancy
  1130 | D        | Reached skill level 5 in Translocations
  1130 | D        | Reached skill level 5 in Transmutations
  1130 | D        | Reached skill level 5 in Fire Magic
  1130 | D        | Reached skill level 5 in Ice Magic
  1130 | D        | Reached skill level 5 in Air Magic
  1130 | D        | Reached skill level 5 in Earth Magic
  1130 | D        | Reached skill level 5 in Poison Magic
  1411 | D        | Found a radiant altar of Vehumet.
  1411 | D        | Found a shimmering blue altar of Sif Muna.
  1411 | D        | Found an ancient bone altar of Kikubaaqudgha.
  1415 | D        | Reached XP level 8. HP: 65/71 MP: 18/18
  1415 | D        | Noticed a soul eater
  1426 | D        | Learned a level 3 spell: Stone Arrow
  1436 | D        | Found a glowing silver altar of Zin.
  1436 | D        | Found a glowing golden altar of the Shining One.
  1436 | D        | Found a white marble altar of Elyvilon.
  1437 | D        | Noticed a deep elf pyromancer
  1474 | D        | HP: 2/71 [fire elemental[a deep elf pyromancer] (5)]
  1478 | D        | Slain by a fire elemental

Illustrated notes

Levels and vault maps discovered:
D:        dungeon_sprint_mu [sprint_mu_entry_cave, sprint_mu_temple_rooms,
          sprint_mu_d1_spiders, sprint_mu_d2_genie, sprint_mu_d3_branching,
          sprint_mu_orc_legion, sprint_mu_elf_gauntlet, sprint_mu_hive_nellie,
          sprint_mu_lair_fedhas, sprint_mu_vaults_butterflies,
          sprint_mu_slime_circle, sprint_mu_swamp_cave, sprint_mu_snake_twists,
          sprint_mu_blade_basic, sprint_mu_crypt_chambers,
          sprint_mu_tomb_spiral, sprint_mu_vestibule_basic,
          sprint_mu_gehenna_hellfire, sprint_mu_dis_giant,
          sprint_mu_tartarus_statrot, sprint_mu_cocytus_islands, sprint_mu_zot1]

Skill      XL: |  1  2  3  4  5  6  7  8 |
---------------+-------------------------+-----
Short Blades   | 1 3 4 5 6 |  6.3
Long Blades    | 1 3 4 5 6 |  6.3
Axes           | 1 3 4 5 6 |  6.3
Maces & Flails | 1 3 4 5 6 |  6.3
Polearms       | 1 3 4 5 6 |  6.3
Ranged Weapons | 1 3 4 5 6 |  6.3
Throwing       | 1 3 4 5 6 |  6.3
Armour         | 1 3 4 5 6 |  6.3
Dodging        | 1 3 4 5 6 |  6.3
Stealth        | 3 4 5 6 |  6.8
Shields        | 1 3 4 5 6 |  6.3
Unarmed Combat | 1 3 4 5 6 |  6.3
Spellcasting   | 3 4 5 6 7 |  7.0
Conjurations   | 1 2 3 4 5 |  5.2
Hexes          | 4 5 6 |  6.5
Summonings     | 1 2 3 4 5 |  5.2
Necromancy     | 1 2 3 4 5 |  5.2
Translocations | 1 2 3 4 5 |  5.2
Transmutations | 1 2 3 4 5 |  5.2
Fire Magic     | 1 2 3 4 5 |  5.2
Ice Magic      | 1 2 3 4 5 |  5.2
Air Magic      | 1 2 3 4 5 |  5.2
Earth Magic    | 1 2 3 4 5 |  5.2
Poison Magic   | 1 2 3 4 5 |  5.2
Invocations    | 2 3 4 6 |  6.9
Evocations     | 1 3 4 5 6 |  6.3
Fighting       | 7 8 9 |  9.2
Staves         | 7 8 9 |  9.2

Action                   |  1- 3 |  4- 6 |  7- 9 || total
-------------------------+-------+-------+-------++-------
Melee: Quarterstaff      |    29 |    40 |    40 ||   109
       Bite              |     4 |     4 |     5 ||    13
 Cast: Slow              |     9 |     2 |       ||    11
       Tukima's Dance    |       |     3 |     4 ||     7
       Stone Arrow       |       |       |     4 ||     4
Evoke: Piece from Xom's  |       |       |     1 ||     1
  Use: Potion            |     2 |     2 |     5 ||     9
 Stab: Sleeping          |     1 |     1 |       ||     2
Armor: Robe              |     2 |     3 |     8 ||    13
Dodge: Dodged            |     9 |     9 |    33 ||    51

Table legend: (Time is in decaauts)
 A = Elapsed time spent in this place.
 B = Non-inter-level travel time spent in this place.
 C = Inter-level travel time spent in this place.
 D = Time resting spent in this place.
 E = Time spent auto-exploring this place.
 F = Levels seen in this place.
 G = Mean time per level.
                   A        B        C        D        E       F      G
               +--------+--------+--------+--------+--------+-----+--------+
         Total |   1456 |   1433 |     23 |   1033 |     26 |   1 | 1456.0 |
       Dungeon |   1456 |   1433 |     23 |   1033 |     26 |   1 | 1456.0 |
               +--------+--------+--------+--------+--------+-----+--------+

Top non-repeatable levels by time:
       D: 1456 daAuts
